 Dungeon Crawl Stone Soup version 0.21-a0-338-g36cf2fc (webtiles) character file.

76 namelastname112 the Sneak (level 4, 20/20 HPs)
             Began as a Felid Wanderer on Oct 3, 2017.
             Quit the game on level 4 of the Dungeon.
             The game lasted 00:04:33 (3708 turns).

namelastname112 the Sneak (Felid Wanderer)          Turns: 3708, Time: 00:04:34

Health: 20/20      AC:  1    Str:  5    XL:     4   Next: 12%
Magic:  6/6        EV: 19    Int: 17    God:
Gold:   248        SH:  0    Dex: 13    Spells: 3/3 levels left
                                        Lives:  0   Deaths: 1

rFire    . . .     SeeInvis +     - Unarmed
rCold    . . .     Gourm    .   (shield unavailable)
rNeg     . . .     Faith    .   (armour unavailable)
rPois    .         Spirit   .   (helmet unavailable)
rElec    .         Reflect  .   (cloak unavailable)
rCorr    .         Harm     .   (gloves unavailable)
MR       .....                  (boots unavailable)
Stlth    ++++......             k - amulet of rage
HPRegen  0.06/turn              e - ring of flight
MPRegen  0.10/turn              w - -3 ring of strength (curse)

@: quick
A: no armour, no weapons or thrown items, stealth, claws 1, fangs 3, see
invisible, carnivore 3, speed 1, shaggy fur 1, slow metabolism 1, sharp paws
a: Evoke Berserk Rage, Evoke Flight


You were on level 4 of the Dungeon.
You were not hungry.

You visited 1 branch of the dungeon, and saw 4 of its levels.

You collected 248 gold pieces.

Inventory:

Jewellery
 e - a ring of flight (left paw)
 k - an amulet of rage (around neck)
 l - an uncursed ring of fire
 w - a cursed -3 ring of strength (right paw)
Wands
 s - a wand of confusion (31/48)
Scrolls
 f - a scroll of fear {unknown}
 g - 3 scrolls of identify {unknown}
 h - 2 scrolls of remove curse {unknown}
 m - a scroll of random uselessness {unknown}
 o - a scroll of enchant armour {unknown}
 q - a scroll of enchant weapon {unknown}
 r - a scroll of teleportation {unknown}
Potions
 a - a potion of berserk rage
 b - 2 potions of lignification
 c - a potion of curing
 i - 2 potions of resistance {unknown}
 j - a potion of agility {unknown}
 p - a potion of might {unknown}
 t - a potion of degeneration {unknown}
 u - a potion of ambrosia {unknown}
 v - a potion of flight {unknown}
Comestibles
 d - 4 meat rations
 n - 2 royal jellies


   Skills:
 + Level 2.9 Fighting
 + Level 5.0 Dodging
 + Level 6.2 Stealth
 + Level 2.0 Unarmed Combat
 + Level 2.3 Evocations


You had 3 spell levels left.
You didn't know any spells.

Dungeon Overview and Level Annotations

Branches:
Dungeon (4/15)
 Temple: D:4-7

Altars:
Fedhas
Kikubaaqudgha
Okawaru
Trog
Uskayaw
The Shining One

Annotations:
D:3 exclusion: oklob plant


Innate Abilities, Weirdness & Mutations

You cannot wear armour.
You are incapable of wielding weapons or throwing items.
Your paws allow you to move quietly. (Stealth)
You have sharp claws.
You have razor-sharp teeth.
You have supernaturally acute eyesight. (SInv)
You are carnivorous and can eat meat at any time.
You cover ground quickly.
You are covered in fur. (AC +1)
You have a slow metabolism.
Your sharp claws are effective at attacking unaware monsters.


Message History

The orc completely misses you. The orc misses you.
You scratch the orc but do no damage.
The orc is almost dead.
You barely miss the orc.
The orc is almost dead.
The orc hits you.
* * * LOW HITPOINT WARNING * * *
The orc barely misses you.
You take 1 damage, and have 2/36 hp.
You completely miss the orc.
The orc is almost dead.
The orc hits you.
You die...
The orc misses you.
You are now level 4!
You rejoin the land of the living...
Found 21 sling bullets.
Found an escape hatch in the ceiling.
Found a stone staircase leading down.
You now have 20/20 hp.
Unknown command.
Are you sure you want to abandon this character and quit the game? (Confirm with "yes".)

#########
#.......#
#....@..#
#.........(..
#............
#..........>.
#............
#.........<..
######+####+#


There were no monsters in sight!

Vanquished Creatures
  An iguana (D:3)
  A worker ant (D:2)
  4 adders
  An ooze (D:1)
  A worm (D:2)
  2 leopard geckos
  4 orcs
  11 bats
  2 giant cockroaches (D:1)
  6 goblins
  7 hobgoblins
  4 jackals (D:2)
  A ball python (D:2)
  2 frilled lizards
  A kobold (D:2)
  A leopard gecko skeleton (D:4)
  6 rats
55 creatures vanquished.

Notes
Turn   | Place    | Note
-------+----------+-------------------------------------------
     0 | D:1      | namelastname112 the Felid Wanderer began the quest for the Orb.
     0 | D:1      | namelastname112 set off with: a potion of berserk rage, a potion of lignification, a potion of curing, a meat ration
     0 | D:1      | Reached XP level 1. HP: 9/9 MP: 2/2
   295 | D:1      | Reached XP level 2. HP: 10/13 MP: 3/3
   806 | D:1      | Found a glowing golden altar of the Shining One.
   904 | D:2      | Reached skill level 1 in Unarmed Combat
   904 | D:2      | Reached XP level 3. HP: 16/16 MP: 4/4
  1292 | D:2      | Found a transporter.
  1296 | D:2      | Found a hide-covered altar of Uskayaw.
  1296 | D:2      | Found a transporter.
  1339 | D:2      | Reached XP level 4. HP: 16/20 MP: 6/6
  1526 | D:2      | Found an ancient bone altar of Kikubaaqudgha.
  1573 | D:2      | Reached skill level 6 in Stealth
  1922 | D:2      | Found an iron altar of Okawaru.
  2286 | D:3      | Reached skill level 5 in Dodging
  2444 | D:3      | Reached XP level 5. HP: 10/24 MP: 7/7
  2755 | D:3      | Found a blossoming altar of Fedhas.
  2766 | D:3      | Noticed an oklob plant
  2921 | D:3      | Found a bloodstained altar of Trog.
  3707 | D:4      | Slain by an orc
  3708 | D:4      | Reached XP level 4. HP: -3/30 MP: 6/6
  3708 | D:4      | Quit the game

Vault maps used:
D:1:      dpeg_arrival_rooms_a, tso_altar
D:2:      lemuel_doored_altar, marbit_many_paths,
          gammafunk_temple_overflow_arena
D:3:      bloody_trog, tgw_fedhas
D:4:      minmay_temple_entry_statues_fountains

Skill      XL: |  1  2  3  4  5 |
---------------+----------------+-----
Unarmed Combat | 1 2 |  2.0
Stealth        | 6 |  6.2
Evocations     | 2 |  2.3
Dodging        | 5 |  5.0
Fighting       | |  2.9

Action                   |  1- 3 |  4- 6 || total
-------------------------+-------+-------++-------
Melee: Unarmed           |    74 |   109 ||   183
       Bite              |     8 |     6 ||    14
 Abil: Evoke Berserk Rag |     2 |     3 ||     5
 Stab: Sleeping          |    11 |     5 ||    16
  Eat: Chunk             |     5 |    10 ||    15
Armor: Skin              |     5 |    12 ||    17
Dodge: Dodged            |    96 |   135 ||   231

Table legend:
 A = Spawn XP
 B = Non-spawn XP
 C = Spawn XP percentage of total XP
 D = Spawn monster count
 E = Non-spawn monster count
 F = Spawn count percentage of total count
 G = Total turns spent on level
                    A         B        C        D         E        F      G
               +---------+---------+-------+---------+---------+-------+---------
         Total |       0 |     219 |   0.0 |       0 |      55 |   0.0 |  3708
               +---------+---------+-------+---------+---------+-------+---------
           D:1 |       0 |      28 |   0.0 |       0 |      13 |   0.0 |  1064
           D:2 |       0 |      95 |   0.0 |       0 |      24 |   0.0 |   919
           D:3 |       0 |      92 |   0.0 |       0 |      16 |   0.0 |  1672
           D:4 |       0 |       4 |   0.0 |       0 |       2 |   0.0 |    53
               +---------+---------+-------+---------+---------+-------+---------
